Map: Rhoskallian EE

Players

annie

  • Race: Terran Terran
  • Spawn Location: 11:00

patches

  • Race: Protoss Protoss
  • Spawn Location: 12:00

MrFercho - Winner!

  • Race: Zerg Zerg
  • League: Silver
  • Spawn Location: 5:00

TATORREA - Winner!

  • Race: Protoss Protoss
  • League: Silver
  • Spawn Location: 6:00

VOD

Have the link to the VOD?

Description

Time

  • Played on: June 21, 2020, 8:23 p.m.
  • Length: 14:08
Show
View Real Time Build Order
Export as new Build Order

annie Terran 

Build Orders:  

Get SALT Encoding   

  12  0:01  SCV  
  13  0:13  SCV  
  14  0:20  Supply Depot  
  14  0:25  SCV  
  15  0:42  SCV  
  16  0:46  Barracks  
  16  0:54  SCV  
  17  0:57  Refinery  
  17  1:06  SCV  
  18  1:18  SCV  
  19  1:30  SCV  
  20  1:33  Marine  
  21  1:42  SCV  
  22  1:51  Engineering Bay  
  22  1:54  SCV  
  22  1:58  Refinery  
  23  2:11  Supply Depot  
  23  2:32  Marine, SCV  
  23  2:34  Command Center  
  25  2:44  SCV  
  26  2:53  Factory  
  26  2:55  Marine  
  27  2:58  SCV  
  27  3:18  Missile Turret  
  27  3:24  SCV  
  28  3:28  Marine  
  29  3:36  SCV  
  29  3:37  Factory Tech Lab  
  30  3:42  Starport  
  30  3:46  Marine  
  31  3:53  Sensor Tower  
  31  3:58  Supply Depot  
  31  3:59  Missile Turret  
  31  4:11  Marine, SCV  
  31  4:12  SCV  
  34  4:18  Refinery  
  34  4:21  Starport Tech Lab  
  34  4:22  Supply Depot  
  34  4:23  SCV  
  34  4:24  SCV  
  36  4:30  Fusion Core  
  36  4:35  SCV  
  36  4:36  SCV  
  38  4:39  Missile Turret  
  38  4:47  SCV  
  38  4:48  SCV  
  38  4:50  Siege Tank  
  43  4:57  Armory  
  43  4:59  SCV  
  44  5:00  SCV  
  44  5:06  Supply Depot  
  45  5:11  SCV  
  45  5:12  SCV  
  47  5:23  SCV  
  47  5:24  SCV  
  49  5:33  Supply Depot  
  49  5:36  SCV x2  
  49  5:40  Refinery  
  51  5:48  SCV x2  
  53  5:50  Terran Ship Weapons Level 1  
  53  5:52  Sensor Tower  
  53  5:56  Supply Depot x2  
  53  6:00  SCV x2  
  55  6:10  Marine  
  56  6:13  Orbital Command, SCV  
  57  6:23  Supply Depot  
  57  6:25  SCV  
  58  6:28  Armory  
  58  6:37  SCV  
  59  6:41  Command Center, SCV  
  59  6:46  Supply Depot  
  60  6:49  SCV  
  60  6:52  Starport  
  60  6:53  SCV  
  62  6:55  Battlecruiser  
  62  7:01  SCV  
  69  7:05  Marine  
  69  7:06  SCV  
  71  7:13  Supply Depot, SCV  
  72  7:18  SCV  
  73  7:23  Marine  
  73  7:25  SCV  
  73  7:28  Terran Vehicle And Ship Armor Level 1  
  75  7:30  SCV, Starport Tech Lab  
  75  7:34  Starport, Refinery  
  75  7:36  Supply Depot  
  76  7:37  SCV  
  76  7:41  Weapon Refit  
  76  7:42  SCV  
  76  7:44  Supply Depot  
  78  7:49  SCV  
  79  7:53  Terran Ship Weapons Level 2  
  79  7:54  SCV  
  80  8:02  Thor  
  86  8:06  SCV  
  86  8:07  Supply Depot, SCV x2  
  89  8:14  Refinery  
  89  8:19  SCV x3  
  92  8:24  Missile Turret  
  92  8:28  Starport Tech Lab  
  92  8:30  Battlecruiser  
  92  8:31  SCV x2  
  100  8:36  Supply Depot  
  100  8:43  Orbital Command  
  100  8:46  Missile Turret  
  100  8:51  Starport  
  100  8:54  SCV x2  
  102  8:58  Supply Depot  
  102  9:06  SCV x2  
  102  9:08  Battlecruiser  
  109  9:16  Battlecruiser  
  111  9:18  SCV x2  
  102  9:46  Battlecruiser, Starport Tech Lab  
  102  9:49  Terran Vehicle And Ship Armor Level 2  
  102  9:50  SCV  
  102  9:51  SCV x2  
  111  10:03  SCV x3  
  114  10:12  Battlecruiser  
  120  10:15  Battlecruiser, SCV x3  
  120  10:17  Terran Ship Weapons Level 3  
  129  10:27  Barracks Tech Lab, SCV x3  
  132  10:34  Sensor Tower  
  132  10:35  Refinery  
  132  10:37  Refinery  
  132  10:38  Command Center  
  132  10:39  SCV  
  133  10:50  Starport Tech Lab  
  133  10:51  Battlecruiser  
  133  10:53  Supply Depot  
  139  11:09  Battlecruiser  
  145  11:12  Supply Depot  
  145  11:16  Supply Depot  
  145  11:18  Thor  
  145  11:21  Sensor Tower  
  151  11:26  Orbital Command  
  151  11:32  Missile Turret  
  151  11:35  Supply Depot  
  151  11:55  Battlecruiser, Missile Turret  
  151  11:59  Battlecruiser, Refinery  
  163  12:03  Refinery  
  163  12:04  Sensor Tower  
  163  12:08  Planetary Fortress  
  163  12:30  Command Center  
  163  12:34  Battlecruiser  
Show
View Real Time Build Order
Export as new Build Order

patches Protoss 

Build Orders: Carriers 

Get SALT Encoding   

  12  0:13  Pylon  
  12  0:34  Gateway  
  12  0:38  Forge  
  12  0:51  Pylon  
  12  1:00  Probe  
  12  1:01  Assimilator  
  13  1:18  Photon Cannon  
  13  1:56  Nexus  
  13  2:13  Cybernetics Core  
  13  2:26  Assimilator  
  13  2:27  Probe  
  14  2:50  Assimilator  
  14  3:05  Stargate  
  14  3:15  Probe  
  14  3:18  Photon Cannon  
  15  3:24  Probe  
  16  3:34  Probe  
  17  3:43  Stargate  
  17  3:55  Pylon  
  17  4:13  Void Ray  
  17  4:16  Probe  
  22  4:24  Probe  
  22  4:27  Probe  
  24  4:43  Probe  
  25  4:50  Stargate  
  25  4:55  Probe  
  26  5:01  Probe  
  27  5:13  Probe  
  28  5:21  Stargate  
  28  5:25  Probe x2  
  29  5:33  Probe  
  30  5:37  Probe  
  32  5:44  Probe  
  33  5:56  Probe  
  34  5:57  Nexus  
  34  6:09  Void Ray  
  38  6:21  Assimilator  
  38  6:23  Probe  
  38  6:25  Assimilator  
  38  6:28  Protoss Air Weapons Level 1  
  38  6:32  Void Ray  
  43  6:44  Probe  
  44  6:50  Void Ray  
  48  6:57  Pylon, Probe  
  49  7:04  Pylon  
  49  7:08  Pylon  
  49  7:13  Pylon  
  49  7:21  Pylon  
  49  7:35  Fleet Beacon  
  49  7:40  Probe  
  50  7:48  Probe  
  51  7:59  Probe  
  51  8:04  Void Ray  
  56  8:10  Probe  
  56  8:11  Probe  
  57  8:18  Probe  
  57  8:19  Probe  
  58  8:26  Probe  
  60  8:31  Tempest  
  66  8:37  Protoss Air Armor Level 1, Probe  
  67  8:42  Carrier  
  73  8:49  Probe  
  74  8:57  Unknown  
  46  9:50  Carrier  
  47  10:28  Carrier  
  53  10:38  Nexus  
  53  10:43  Assimilator  
  53  10:48  Protoss Air Weapons Level 2  
  53  10:54  Carrier  
  59  11:16  Carrier  
  65  11:59  Carrier  
  71  12:04  Probe  
  72  12:12  Probe  
  73  12:23  Probe  
  74  12:35  Probe  
  71  12:47  Probe  
Show
View Real Time Build Order
Export as new Build Order

MrFercho Zerg - Winner!

Build Orders: Hatch First 

Get SALT Encoding   

  12  0:01  Drone  
  13  0:15  Overlord  
  13  0:19  Drone  
  14  0:34  Drone x2  
  16  0:59  Drone x2  
  16  1:01  Hatchery  
  17  1:16  Spawning Pool  
  17  1:17  Drone  
  17  1:23  Drone  
  18  1:27  Drone  
  19  1:40  Drone  
  19  1:45  Extractor  
  19  1:46  Drone  
  21  2:08  Drone x2  
  22  2:16  Drone x2  
  22  2:18  Queen x2  
  28  2:24  Overlord  
  28  2:28  Overlord  
  28  2:43  Drone x2  
  30  2:46  Drone  
  30  2:47  Drone  
  32  2:54  Roach Warren  
  31  3:00  Drone x2  
  33  3:07  Lair  
  33  3:11  Queen  
  35  3:21  Drone x4  
  39  3:28  Drone  
  39  3:29  Evolution Chamber  
  39  3:31  Drone  
  40  3:42  Drone  
  40  3:43  Drone x3  
  40  3:44  Overlord x2  
  44  4:21  Roach x4  
  44  4:22  Roach x2  
  56  4:29  Extractor  
  55  4:36  Extractor  
  54  4:39  Drone x2  
  54  4:42  Glial Reconstitution  
  56  4:46  Drone x2  
  58  5:13  Drone x2  
  60  5:15  Overlord x7  
  60  5:18  Hatchery  
  59  5:32  Overseer  
  59  5:39  Hydralisk Den  
  58  5:43  Extractor  
  57  5:55  Infestation Pit  
  57  5:56  Drone  
  57  5:57  Drone x6  
  62  6:01  Drone x3  
  66  6:23  Overseer  
  66  6:27  Hydralisk x4  
  66  6:28  Hydralisk x5  
  66  6:31  Drone x2  
  86  6:39  Drone  
  87  6:44  Drone x3  
  90  6:47  Grooved Spines  
  90  6:52  Drone x5  
  95  6:57  Extractor  
  95  6:59  Extractor  
  93  7:01  Zerg Missile Weapons Level 1  
  93  7:08  Evolution Chamber  
  92  7:09  Drone  
  92  7:10  Drone x2  
  95  7:26  Drone x7  
  95  7:27  Queen  
  104  7:52  Overlord x3, Hydralisk  
  104  7:53  Hydralisk x4  
  114  8:56  Spine Crawler  
  114  8:57  Spine Crawler  
  114  9:00  Spore Crawler  
  114  9:02  Spore Crawler  
  110  9:11  Spore Crawler  
  110  9:14  Drone  
  110  9:15  Drone x13  
  110  9:16  Spore Crawler  
  98  9:32  Muscular Augments  
  98  9:35  Zerg Missile Weapons Level 2  
  98  9:36  Zerg Ground Armor Level 1  
  92  9:40  Hydralisk  
  92  9:41  Hydralisk x5  
  92  9:45  Hive  
  94  9:52  Hatchery x2  
  92  9:54  Overlord  
  92  9:55  Overlord x2, Hatchery  
  91  10:18  Hatchery  
  91  10:21  Hydralisk x11  
  90  10:27  Extractor x2, Hatchery  
  109  10:29  Extractor  
  109  10:31  Extractor  
  107  10:39  Drone x8  
  115  10:46  Overlord x3  
  115  11:04  Hydralisk x2  
  115  11:05  Hydralisk x6  
  115  11:07  Hydralisk x2  
  135  11:25  Spire  
  134  11:38  Lurker Den  
  133  11:40  Drone x7  
  133  11:41  Drone x2  
  133  11:42  Drone x3  
  133  11:43  Drone  
  146  11:47  Hydralisk  
  146  11:48  Hydralisk x15  
  178  12:01  Hydralisk x11  
  200  12:39  Greater Spire  
  200  12:40  Spire  
  189  13:20  Corruptor x3  
  189  13:21  Corruptor x2  
  195  13:37  Hydralisk x2  
Show
View Real Time Build Order
Export as new Build Order

TATORREA Protoss - Winner!

Build Orders:  

Get SALT Encoding   

  12  0:02  Probe  
  13  0:14  Probe  
  14  0:25  Pylon  
  14  0:26  Probe  
  15  0:43  Probe  
  15  0:49  Gateway  
  16  1:03  Probe  
  17  1:15  Probe  
  18  1:24  Assimilator  
  18  1:44  Gateway  
  18  1:48  Nexus  
  18  2:03  Probe  
  19  2:12  Cybernetics Core  
  19  2:14  Gateway  
  19  2:15  Probe  
  20  2:23  Probe  
  21  2:48  Assimilator, Probe  
  22  3:00  Probe  
  23  3:18  Probe  
  23  3:20  Probe  
  23  3:26  Probe  
  25  3:33  Probe  
  27  3:35  Warp Gate, Probe  
  27  3:38  Stalker  
  27  3:39  Stalker  
  32  3:42  Stalker  
  32  3:45  Probe  
  32  3:47  Probe  
  36  3:56  Pylon  
  36  3:57  Probe  
  36  3:59  Pylon, Probe  
  38  4:03  Pylon  
  38  4:12  Assimilator  
  38  4:14  Probe x2  
  38  4:16  Assimilator  
  40  4:19  Stalker x3  
  46  4:26  Probe x2  
  48  4:32  Robotics Facility  
  48  4:38  Probe x2  
  50  4:50  Probe x2  
  52  5:03  Probe x2  
  54  5:12  Probe x2  
  54  5:20  Probe x2  
  56  5:26  Pylon  
  56  5:27  Nexus  
  56  5:28  Pylon x2  
  58  5:29  Probe x2  
  58  5:30  Pylon  
  58  5:32  Pylon  
  60  5:41  Probe x2  
  62  5:53  Probe x2  
  62  5:55  Forge x2  
  64  5:58  Protoss Ground Armor Level 1, Forge, Protoss Ground Weapons Level 1  
  64  6:00  Stalker  
  64  6:01  Stalker, Protoss Shields Level 1  
  68  6:05  Stalker, Probe x2  
  72  6:15  Immortal  
  72  6:17  Probe x2  
  78  6:37  Probe x2  
  80  6:45  Assimilator  
  80  6:49  Assimilator, Probe x2  
  80  6:50  Stalker x2  
  80  6:53  Stalker  
  89  6:54  Observer  
  89  7:05  Twilight Council  
  93  7:15  Immortal  
  93  7:23  Probe x2  
  93  7:24  Probe  
  96  7:35  Probe  
  96  7:36  Probe x2  
  99  7:40  Nexus  
  99  7:41  Pylon  
  99  7:44  Pylon  
  99  7:47  Pylon, Probe  
  99  7:48  Probe x2  
  102  7:51  Pylon  
  102  7:55  Pylon  
  102  7:58  Pylon  
  102  7:59  Stalker x3  
  102  8:00  Probe x3  
  102  8:04  Protoss Ground Weapons Level 2  
  111  8:08  Protoss Ground Armor Level 2  
  111  8:12  Probe x3  
  114  8:13  Protoss Shields Level 2  
  114  8:23  Stalker x2  
  114  8:24  Stalker  
  120  8:45  Gateway  
  120  8:48  Gateway  
  120  8:51  Gateway  
  120  8:53  Gateway  
  120  8:56  Gateway, Probe  
  120  8:57  Probe x2  
  120  8:59  Gateway  
  120  9:02  Gateway  
  123  9:04  Gateway  
  123  9:06  Gateway  
  123  9:08  Probe  
  123  9:09  Probe x2  
  126  9:11  Gateway  
  126  9:39  Probe x2  
  126  9:41  Probe  
  129  10:00  Stalker x2  
  129  10:01  Stalker x5  
  129  10:02  Stalker x3  
  148  10:28  Stalker x3  
  150  10:29  Stalker x5  
  150  10:30  Stalker  
  150  10:31  Stalker x4  
  174  10:38  Protoss Ground Weapons Level 3, Protoss Shields Level 3, Protoss Ground Armor Level 3  
  174  10:44  Pylon  
  174  10:46  Assimilator  
  174  10:48  Pylon  
  174  10:50  Assimilator  
  174  10:53  Pylon  
  174  10:56  Pylon  
  174  10:59  Blink  
  174  11:01  Immortal  
  174  11:03  Nexus  
  178  11:04  Pylon  
  178  11:07  Pylon  
  178  11:30  Templar Archives  
  178  11:35  Stalker x5  
  178  11:36  Stalker x3  
  178  11:37  Stalker x3  
  110  13:10  High Templar  
  110  13:11  High Templar x4  
  110  13:12  High Templar x5  
  124  13:13  High Templar x3  
  124  13:18  Gateway  
  128  13:21  Gateway  
  128  13:23  Gateway  
  128  13:27  Gateway  
  128  13:30  Gateway  
  128  13:32  Gateway  
  128  13:34  Gateway  
  128  13:36  Gateway  
  128  13:38  Gateway  
  128  13:43  Archon x5  
  128  13:44  Archon  
  128  13:45  Gateway  
  128  13:46  Gateway  
  128  14:00  Stalker x4  
  128  14:01  Stalker x4  
  128  14:02  Stalker x4  
  150  14:03  Stalker  
Tags
 
Add a new tag
Caveats
  • Supply blocks, unpowered buildings, or Contaminate may cause inaccurate times.
  • Supply counts are checked every 10 seconds.